 Dungeon Crawl Stone Soup version 0.29-a0-1033-gb6c65ffae6 (webtiles) character file.

Game seed: 17439746976216296622

46 gelatine the Digger (level 3, -3/19 HPs)
             Began as a Gargoyle Earth Elementalist on Aug 14, 2022.
             Slain by Crazy Yiuf
             ... wielding a +2 quarterstaff of chaos
              (7 damage)
             ... on level 2 of the Dungeon.
             The game lasted 00:04:41 (1708 turns).

gelatine the Digger (Gargoyle Earth Elementalist)   Turns: 1708, Time: 00:04:42

Health: -3/19      AC:  6    Str: 11    XL:     3   Next: 68%
Magic:  3/6        EV: 12    Int: 17    God:
Gold:   109        SH:  0    Dex: 10    Spells: 5/6 levels left

rFire   . . .      SeeInvis .   t - +9 hammer "Giantslayer" {vorpal, Will+}
rCold   . . .      Faith    .   (no shield)
rNeg    + + .      Spirit   .   a - +0 robe
rPois   ∞          Reflect  .   (no helmet)
rElec   +          Harm     .   (no cloak)
rCorr   .          Rampage  .   (no gloves)
Will    ++...                   j - +0 pair of boots
Stlth   ++........              (no amulet)
HPRegen 0.06/turn               e - ring of willpower
MPRegen 0.10/turn               m - ring of positive energy

@: no status effects
A: sickness immunity, AC +3, negative energy resistance 1, electricity
resistance, torment resistance 1, petrification resistance
a: no special abilities


You were on level 2 of the Dungeon.
You visited 1 branch of the dungeon, and saw 2 of its levels.

You collected 109 gold pieces.

Inventory:

Hand Weapons
 t - the +9 hammer "Giantslayer" (weapon) {vorpal, Will+}
   (You found it on level 2 of the Dungeon)

   It inflicts extra damage upon your enemies.
   Will:      It increases your willpower.
Missiles
 s - 4 poisoned darts
Armour
 a - a +0 robe (worn)
 h - a +0 buckler
 j - a +0 pair of boots (worn)
Jewellery
 e - a ring of willpower (left hand)
 g - a ring of flight
 m - a ring of positive energy (right hand)
 r - an amulet of guardian spirit
Scrolls
 d - a scroll of vulnerability {unknown}
 i - a scroll of silence {unknown}
 k - a scroll of enchant weapon {unknown}
 n - a scroll of magic mapping {unknown}
 o - a scroll of teleportation {unknown}
 p - 2 scrolls of identify {unknown}
Potions
 b - a potion of magic
 f - a potion of might {unknown}
 q - 2 potions of attraction {unknown}


   Skills:
 + Level 0.1 Fighting
 + Level 1.7 Dodging
 + Level 2.7 Stealth
 + Level 2.4 Spellcasting
 + Level 0.7 Transmutations
 + Level 4.6 Earth Magic


You had 5 spell levels left.
You knew the following spells:

 Your Spells              Type           Power      Damage    Failure   Level
a - Sandblast             Erth           34%        2d9       2%          1

Your spell library contained the following spells:

 Spells                   Type           Power      Damage    Failure   Level
 Passwall                 Tmut/Erth      9%         N/A       10%         2
 Stone Arrow              Conj/Erth      20%        3d8       22%         3
 Petrify                  Tmut/Erth      11%        N/A       52%         4
 Blade Hands              Tmut           2%         N/A       98%         5
 Irradiate                Conj/Tmut      1%         3d12      99%         5
 Dragon Form              Tmut           2%         N/A       100%        7


Dungeon Overview and Level Annotations

Branches:
Dungeon (2/15)

Altars:

Shops:
D:1 (

Annotations:
D:2 Crazy Yiuf


Innate Abilities, Weirdness & Mutations

You are immune to sickness and miasma.
Your stone body is resilient. (AC +3)
You are immune to poison.
You resist negative energy. (rN+)
You are resistant to electric shocks. (rElec)
You are resistant to unholy torment.
You are immune to petrification.


Message History

You see here a +0 hammer.
You see here a +0 hammer.
You see here a +0 hammer.
Things that are here:
a +2 dagger of venom; a +0 hand axe You now have 109 gold pieces (gained 10).
You see here a +0 hammer.
Crazy Yiuf shouts!
You see here a +0 hammer.
You see here a +0 hammer.
You see here a +0 hammer.
You see here a +0 hammer.
Could not explore, unopened runed door.
You open the door.
The blast of sand hits Crazy Yiuf.
Crazy Yiuf is moderately wounded.
Crazy Yiuf hits you with a +2 quarterstaff of chaos.
Crazy Yiuf cries, "Line ragdoll high!"
Crazy Yiuf closely misses you.
The blast of sand hits Crazy Yiuf!
Crazy Yiuf is severely wounded.
Crazy Yiuf misses you.
Crazy Yiuf hits you with a +2 quarterstaff of chaos!
Crazy Yiuf burns you.
* * * LOW HITPOINT WARNING * * *
You hit Crazy Yiuf.
Crazy Yiuf is severely wounded.
Crazy Yiuf barely misses you.
You are too injured to fight recklessly!
Casting: Sandblast (safe; 2% risk of failure)
Confirm with . or Enter, or press ? or * to list all spells.
Aiming: Sandblast (safe; 2% risk of failure)
Press: ? - help, Shift-Dir - straight line, f/p - Crazy Yiuf
Aim: Crazy Yiuf, wielding a +2 quarterstaff of chaos and wearing a +0 cloak (severely wounded, 84% to hit)
The blast of sand hits Crazy Yiuf but does no damage.
Crazy Yiuf is severely wounded.
Crazy Yiuf says, "Fluff Xom blue!"
Crazy Yiuf closely misses you.
Crazy Yiuf hits you with a +2 quarterstaff of chaos!
You die...

..##.......###....#
#+##.......# #....#
.....####..# ♣....♣
...........# ♣)..♣♣
...........# ♣♣)♣♣
#+##(......# ♣)♣♣
#.##.......# ♣♣)♣
#.##.......# ♣)♣♣
#.##....#..# ♣♣@♣
#.##....#..# #g#
#.......#..# )))
.....#.##..# #)))#
######.##..# #).)#
.....#^##..# #####
####.#.....#
)....#.....########
...###............#


You could see Crazy Yiuf.

Vanquished Creatures
  A dart slug (D:2)
  3 endoplasms
  4 goblins
  5 hobgoblins
  8 jackals
  6 kobolds
  A quokka (D:2)
  4 ball pythons
  3 bats (D:1)
  3 frilled lizards
  2 rats (D:2)
40 creatures vanquished.

Vanquished Creatures (others)
  A plant (D:1)
1 creature vanquished.

Grand Total: 41 creatures vanquished

Notes
Turn   | Place    | Note
-------+----------+-------------------------------------------
     0 | D:1      | gelatine the Gargoyle Earth Elementalist began the quest
                  | for the Orb.
     0 | D:1      | Reached XP level 1. HP: 10/10 MP: 3/3
    53 | D:1      | Found Hiywuy's Weapon Emporium.
   158 | D:1      | Reached skill level 4 in Earth Magic
   158 | D:1      | Reached XP level 2. HP: 15/15 MP: 0/5
   766 | D:1      | Found a faded altar of an unknown god.
   931 | D:1      | Reached XP level 3. HP: 17/19 MP: 2/6
  1595 | D:2      | Identified the +9 hammer "Giantslayer" {vorpal, Will+}
  1600 | D:2      | Found a runed translucent door.
  1601 | D:2      | Noticed Crazy Yiuf
  1708 | D:2      | Slain by Crazy Yiuf

Illustrated notes

Levels and vault maps discovered:
D:1:      eino_arrival_druids_welcome, layout_loops_cross, serial_shops, shop,
          shapermc_ecumenical_altar_ellora, roderic_roman_lattice, minivault_14,
          minmay_heptomino_h4
D:2:      layout_basic, st_stairs_9, uniq_crazy_yiuf_cottage

Skill      XL: |  1 |
---------------+----+-----
Earth Magic    | 4 |  4.6
Fighting       | |  0.1
Dodging        | |  1.7
Stealth        | |  2.7
Spellcasting   | |  2.4
Transmutations | |  0.7

Action                   || total
-------------------------++-------
Melee: Hand axe          ||     8
       Dagger            ||     6
       Mace              ||     1
 Cast: Sandblast         ||    49
Armor: Robe              ||    11
Dodge: Dodged            ||    22

Table legend: (Time is in decaauts)
 A = Elapsed time spent in this place.
 B = Non-inter-level travel time spent in this place.
 C = Inter-level travel time spent in this place.
 D = Time resting spent in this place.
 E = Time spent auto-exploring this place.
 F = Levels seen in this place.
 G = Mean time per level.
                   A        B        C        D        E       F      G
               +--------+--------+--------+--------+--------+-----+--------+
         Total |   1756 |   1698 |     58 |      0 |   1381 |   2 |  878.0 |
       Dungeon |   1756 |   1698 |     58 |      0 |   1381 |   2 |  878.0 |
               +--------+--------+--------+--------+--------+-----+--------+

Top non-repeatable levels by time:
     D:1: 1101 daAuts
     D:2: 655 daAuts
